PCL
CALGARY COWBOYS @ SAN JOSE MISSIONS
07/25/2027
 
TOP OF THE 1ST
Calgary Cowboys batting - Pitching for San Jose Missions : RHP José Reyes
Pitching: RHP José Reyes
Batting: LHB Enrico Vargas 0-0: Foul Ball, location: 2F
0-1: Called Strike
0-2: Foul Ball, location: 2F
0-2: Ground out 5-3 (Groundball, 2L)
Batting: RHB Jorge Balencia 0-0: Called Strike
0-1: Ground out 5-3 (Groundball, 56)
Batting: LHB Greg Nelson 0-0: Foul Ball, location: 2F
0-1: Fly out, F8 (Line Drive, 78XD)
Top of the 1st over - 0 run(s), 0 hit(s), 0 error(s), 0 left on base; Calgary 0 - San Jose 0
BOTTOM OF THE 1ST
San Jose Missions batting - Pitching for Calgary Cowboys : LHP Jim Sheppard
Pitching: LHP Jim Sheppard
Batting: RHB Peter Bishop 0-0: Ball
1-0: Ball
2-0: Ball
3-0: Called Strike
3-1: Foul Ball, location: 2F
3-2: Foul Ball, location: 2F
3-2: Ground out 5-3 (Groundball, 56)
Batting: RHB Ed Starr 0-0: Fly out, F8 (Flyball, 8LM)
Batting: RHB Dale Taylor 0-0: Ball
1-0: Ball
2-0: Called Strike
2-1: Foul Ball, location: 2F
2-2: Foul Ball, location: 2F
2-2: Ground out 4-3 (Groundball, 4)
Bottom of the 1st over - 0 run(s), 0 hit(s), 0 error(s), 0 left on base; Calgary 0 - San Jose 0
TOP OF THE 2ND
Calgary Cowboys batting - Pitching for San Jose Missions : RHP José Reyes
Batting: LHB José Liñares 0-0: Swinging Strike
0-1: Called Strike
0-2: Ball
1-2: Foul Ball, location: 2F
1-2: Ball
2-2: SINGLE (Groundball, 6D)
Batting: RHB Todd Bryant 0-0: DOUBLE (Line Drive, 7LM)
José Liñares to third
Batting: LHB Freddy Herrera 0-0: Ball
1-0: Ball
2-0: Fly out, F9 (Flyball, 9S)
Runner from 3rd tags up, SCORES, throw made
Batting: RHB Ramón Martínez 0-0: Called Strike
0-1: Ball
1-1: Swinging Strike
1-2: Strikes out swinging
Batting: RHB Shayne Burry 0-0: Ball
1-0: Foul Ball, location: 2F
1-1: Ball
2-1: Swinging Strike
2-2: Ball
3-2: Base on Balls
Batting: RHB Mario Sánchez 0-0: SINGLE (Flyball, 8LS)
Todd Bryant to third
Shayne Burry to second
Batting: LHB Enrico Vargas 0-0: Ball
1-0: Ball
2-0: Called Strike
2-1: Foul Ball, location: 2F
2-2: Foul Ball, location: 2F
2-2: Ball
3-2: Foul Ball, location: 2F
3-2: DOUBLE (Flyball, 8LXD)
Todd Bryant scores
Shayne Burry scores
Mario Sánchez to third
Mario Sánchez scores
Batting: RHB Jorge Balencia 0-0: Called Strike
0-1: Ball
1-1: Foul Ball, location: 2F
1-2: Fly out, F9 (Flyball, 89M)
Top of the 2nd over - 4 run(s), 4 hit(s), 0 error(s), 1 left on base; Calgary 4 - San Jose 0
BOTTOM OF THE 2ND
San Jose Missions batting - Pitching for Calgary Cowboys : LHP Jim Sheppard
Batting: RHB Bob Orr 0-0: Foul Ball, location: 2F
0-1: Foul Ball, location: 2F
0-2: Ball
1-2: Fly out, F8 (Flyball, 8RM)
Batting: RHB Chang-geun Kim 0-0: Called Strike
0-1: Swinging Strike
0-2: Strikes out looking
Batting: RHB Sadao Kato 0-0: Called Strike
0-1: Ball
1-1: Swinging Strike
1-2: Foul Ball, location: 2F
1-2: Ball
2-2: Fly out, F7 (Flyball, 7LSF)
Bottom of the 2nd over - 0 run(s), 0 hit(s), 0 error(s), 0 left on base; Calgary 4 - San Jose 0
TOP OF THE 3RD
Calgary Cowboys batting - Pitching for San Jose Missions : RHP José Reyes
Batting: LHB Greg Nelson 0-0: Ball
1-0: Ball
2-0: Foul Ball, location: 2F
2-1: Called Strike
Error on foul ball, E7
2-2: Foul Ball, location: 2F
2-2: DOUBLE (Line Drive, 9LS)
Batting: LHB José Liñares 0-0: Fly out, F8 (Flyball, 8LD)
Runner from 2nd tags up, SAFE at 3rd, no throw
Batting: RHB Todd Bryant 0-0: Ball
1-0: Ball
2-0: Ball
3-0: Called Strike
3-1: Swinging Strike
3-2: Foul Ball, location: 2F
3-2: Base on Balls
Batting: LHB Freddy Herrera 0-0: Called Strike
0-1: Ball
1-1: Called Strike
1-2: Ball
2-2: Foul Ball, location: 2F
2-2: Ball
Todd Bryant is caught stealing 2nd base
3-2: Base on Balls
Batting: RHB Ramón Martínez 0-0: Ball
1-0: Called Strike
1-1: Foul Ball, location: 2F
1-2: Ball
2-2: SINGLE (Groundball, 56D)
Greg Nelson scores
Freddy Herrera to second
Batting: RHB Shayne Burry 0-0: Called Strike
0-1: SINGLE (Line Drive, 6MD)
Freddy Herrera to third
Ramón Martínez to second
Batting: RHB Mario Sánchez 0-0: Ball
1-0: SINGLE (Groundball, 6MD)
Freddy Herrera scores
Ramón Martínez to third
Shayne Burry to second
Batting: LHB Enrico Vargas 0-0: Called Strike
0-1: Ball
1-1: SINGLE (Groundball, 34D)
Ramón Martínez scores
Shayne Burry to third
Mario Sánchez to second
Runner from 3rd tries for Home, SAFE, no throw
Batting: RHB Jorge Balencia 0-0: Ball
1-0: DOUBLE (Line Drive, 89S)
Mario Sánchez scores
Enrico Vargas to third
Runner from 3rd tries for Home, SAFE, no throw
Batting: LHB Greg Nelson 0-0: SINGLE (Line Drive, 7S)
Jorge Balencia to third
Runner from 3rd tries for Home, SAFE, no throw
Batting: LHB José Liñares 0-0: Ball
1-0: Called Strike
Greg Nelson steals 2nd base
1-1: Foul Ball, location: 2F
1-2: Foul Ball, location: 2F
1-2: Fly out, F8 (Flyball, 8LS)
Top of the 3rd over - 7 run(s), 7 hit(s), 1 error(s), 1 left on base; Calgary 11 - San Jose 0
BOTTOM OF THE 3RD
San Jose Missions batting - Pitching for Calgary Cowboys : LHP Jim Sheppard
Batting: LHB Phil Cantrell 0-0: Foul Ball, location: 2F
0-1: Ground out 1-3 (Groundball, 13S)
Batting: RHB José Martínez 0-0: Called Strike
0-1: Ball
1-1: Ball
2-1: Called Strike
2-2: Ball
3-2: Fly out, F9 (Flyball, 9)
Batting: LHB Wilson Vecino 0-0: Ball
1-0: SINGLE (Groundball, 56D)
Batting: RHB Peter Bishop 0-0: TRIPLE (Flyball, 89XD)
Wilson Vecino scores
Batting: RHB Ed Starr 0-0: Ball
1-0: Ball
2-0: Foul Ball, location: 2F
2-1: Ball
3-1: Base on Balls
Batting: RHB Dale Taylor 0-0: SINGLE (Groundball, 56) (infield hit)
Peter Bishop scores
Ed Starr to second
Batting: RHB Bob Orr 0-0: Ball
1-0: Ball
2-0: Swinging Strike
2-1: Ball
3-1: SINGLE (Line Drive, 4)
Ed Starr to third
Dale Taylor to second
Runner from 3rd tries for Home, SAFE, no throw
Batting: RHB Chang-geun Kim 0-0: SINGLE (Line Drive, 13S)
Dale Taylor to third
Bob Orr to second
Runner from 3rd tries for Home, SAFE, no throw
Batting: RHB Sadao Kato 0-0: Called Strike
0-1: Ball
1-1: Ground out U3 (Groundball, 34)
Bottom of the 3rd over - 4 run(s), 5 hit(s), 0 error(s), 2 left on base; Calgary 11 - San Jose 4
TOP OF THE 4TH
Calgary Cowboys batting - Pitching for San Jose Missions : RHP José Reyes
Batting: RHB Todd Bryant 0-0: Ball
1-0: Ball
2-0: Called Strike
2-1: Ground out 4-3 (Groundball, 4)
Batting: LHB Freddy Herrera 0-0: Ball
1-0: Ground out 5-3 (Groundball, 56)
Batting: RHB Ramón Martínez 0-0: Ball
1-0: Called Strike
1-1: Swinging Strike
1-2: Ball
2-2: Ball
3-2: Strikes out swinging
Top of the 4th over - 0 run(s), 0 hit(s), 0 error(s), 0 left on base; Calgary 11 - San Jose 4
BOTTOM OF THE 4TH
San Jose Missions batting - Pitching for Calgary Cowboys : LHP Jim Sheppard
Batting: LHB Phil Cantrell 0-0: Foul Ball, location: 2F
0-1: Ball
1-1: TRIPLE (Line Drive, 8LD)
Batting: RHB José Martínez 0-0: Ball
1-0: Fly out, F8 (Flyball, 89M)
Runner from 3rd tags up, SCORES, no throw
Batting: LHB Wilson Vecino 0-0: Called Strike
0-1: Ball
1-1: Swinging Strike
1-2: Ball
2-2: Strikes out swinging
Batting: RHB Peter Bishop 0-0: Swinging Strike
0-1: Swinging Strike
0-2: Ball
1-2: Strikes out swinging
Bottom of the 4th over - 1 run(s), 1 hit(s), 0 error(s), 0 left on base; Calgary 11 - San Jose 5
TOP OF THE 5TH
Calgary Cowboys batting - Pitching for San Jose Missions : RHP José Reyes
Batting: RHB Shayne Burry 0-0: Foul Ball, location: 2F
0-1: Ball
1-1: SINGLE (Groundball, 34) (infield hit)
Batting: RHB Mario Sánchez 0-0: Foul Ball, location: 2F
0-1: Ball
1-1: Swinging Strike
1-2: Grounds into double play, 3-6-4 (Groundball, 34)
Batting: LHB Enrico Vargas 0-0: Called Strike
0-1: Foul Ball, location: 2F
0-2: Ground out 4-3 (Groundball, 4)
Top of the 5th over - 0 run(s), 1 hit(s), 0 error(s), 0 left on base; Calgary 11 - San Jose 5
BOTTOM OF THE 5TH
San Jose Missions batting - Pitching for Calgary Cowboys : LHP Jim Sheppard
Batting: RHB Ed Starr 0-0: Ball
1-0: Swinging Strike
1-1: Ball
2-1: Called Strike
2-2: Ball
3-2: Foul Ball, location: 2F
3-2: Foul Ball, location: 2F
3-2: Foul Ball, location: 2F
3-2: Ground out 6-3 (Groundball, 6)
Batting: RHB Dale Taylor 0-0: Called Strike
0-1: Ball
1-1: Swinging Strike
1-2: Ball
2-2: Strikes out looking
Batting: RHB Bob Orr 0-0: SINGLE (Flyball, 89S)
Batting: RHB Chang-geun Kim 0-0: Called Strike
Bob Orr is caught stealing 2nd base
Bottom of the 5th over - 0 run(s), 1 hit(s), 0 error(s), 0 left on base; Calgary 11 - San Jose 5
TOP OF THE 6TH
Calgary Cowboys batting - Pitching for San Jose Missions : RHP José Reyes
Batting: RHB Jorge Balencia 0-0: Called Strike
0-1: Ground out 6-3 (Groundball, 6)
Pitching: RHP Mark Bidwell
Batting: LHB Greg Nelson 0-0: Ball
1-0: Ground out 4-3 (Groundball, 34)
Batting: LHB José Liñares 0-0: Ball
1-0: Ball
2-0: Ball
3-0: Base on Balls
Batting: RHB Todd Bryant 0-0: Swinging Strike
0-1: Ball
Pickoff Throw to First - Error! E1
José Liñares to second
1-1: Ball
2-1: Foul Ball, location: 2F
2-2: Fly out, F5 (Popup, 5L)
Top of the 6th over - 0 run(s), 0 hit(s), 1 error(s), 1 left on base; Calgary 11 - San Jose 5
BOTTOM OF THE 6TH
San Jose Missions batting - Pitching for Calgary Cowboys : LHP Jim Sheppard
Batting: RHB Chang-geun Kim 0-0: Fly out, F4 (Popup, 3D)
Batting: RHB Sadao Kato 0-0: Foul Ball, location: 2F
0-1: Ball
1-1: Ground out 5-3 (Groundball, 56S)
Batting: LHB Phil Cantrell 0-0: Ball
1-0: Swinging Strike
1-1: Ball
2-1: Ball
3-1: Base on Balls
Batting: RHB José Martínez 0-0: Called Strike
0-1: Ball
1-1: Fielders Choice at 2nd, 5-4 (Groundball, 56)
Bottom of the 6th over - 0 run(s), 0 hit(s), 0 error(s), 0 left on base; Calgary 11 - San Jose 5
TOP OF THE 7TH
Calgary Cowboys batting - Pitching for San Jose Missions : RHP Mark Bidwell
Batting: LHB Freddy Herrera 0-0: Swinging Strike
0-1: Ball
1-1: Ball
2-1: Foul Ball, location: 2F
2-2: SINGLE (Line Drive, 8LS)
Pitching: RHP Micheal Wood
Batting: RHB Ramón Martínez 0-0: Fly out, F6 (Line Drive, 6M)
Batting: RHB Shayne Burry 0-0: Ball
1-0: Foul Ball, location: 2F
1-1: Swinging Strike
1-2: Foul Ball, location: 2F
1-2: Ball
2-2: Ball
3-2: Base on Balls
Freddy Herrera to second
Pitching: RHP Paul Lewis
Batting: RHB Mario Sánchez 0-0: Ball
1-0: Ball
2-0: Ground out 6-3 (Groundball, 6S)
Freddy Herrera to third
Shayne Burry to second
Batting: LHB Enrico Vargas 0-0: Swinging Strike
0-1: Foul Ball, location: 2F
0-2: Strikes out looking
Top of the 7th over - 0 run(s), 1 hit(s), 0 error(s), 2 left on base; Calgary 11 - San Jose 5
BOTTOM OF THE 7TH
San Jose Missions batting - Pitching for Calgary Cowboys : LHP Jim Sheppard
Pitching: RHP Esteban Alfonzo
Batting: LHB Wilson Vecino 0-0: Called Strike
0-1: Called Strike
0-2: Ball
1-2: Ball
2-2: Strikes out swinging
Batting: RHB Peter Bishop 0-0: Called Strike
0-1: DOUBLE (Flyball, 78D)
Batting: RHB Ed Starr 0-0: Called Strike
0-1: Foul Ball, location: 2F
0-2: Ball
1-2: Foul Ball, location: 2F
1-2: Foul Ball, location: 2F
1-2: Ball
2-2: Ball
3-2: Base on Balls
Batting: RHB Dale Taylor 0-0: Called Strike
Peter Bishop steals 3rd base
Ed Starr to second
0-1: Ball
1-1: Ball
2-1: Foul Ball, location: 2F
2-2: Ball
3-2: Foul Ball, location: 2F
3-2: Strikes out swinging
Batting: RHB Bob Orr 0-0: Ball
1-0: Ball
2-0: Ball
3-0: Base on Balls
Batting: RHB Chang-geun Kim 0-0: Foul Ball, location: 2F
0-1: Called Strike
0-2: Ball
1-2: Ball
2-2: Strikes out swinging
Bottom of the 7th over - 0 run(s), 1 hit(s), 0 error(s), 3 left on base; Calgary 11 - San Jose 5
TOP OF THE 8TH
Calgary Cowboys batting - Pitching for San Jose Missions : RHP Paul Lewis
Batting: RHB Jorge Balencia 0-0: TRIPLE (Flyball, 9D)
Batting: LHB Greg Nelson 0-0: Ball
1-0: Called Strike
1-1: Ball
2-1: 2-RUN HOME RUN (Flyball, 89XD), Distance : 432 ft
Batting: LHB José Liñares 0-0: SINGLE (Groundball, 6MD)
Batting: RHB Todd Bryant 0-0: Called Strike
0-1: Called Strike
0-2: Ball
1-2: 2-RUN HOME RUN (Flyball, 8LXD), Distance : 442 ft
Batting: LHB Freddy Herrera 0-0: Called Strike
0-1: Swinging Strike
0-2: Foul Ball, location: 2F
0-2: Ball
1-2: Ground out U3 (Groundball, 3)
Pinch Hitting: RHB Dan Wyatt 0-0: Ball
1-0: Ball
2-0: Swinging Strike
2-1: Swinging Strike
2-2: Ball
3-2: Base on Balls
Batting: RHB Shayne Burry 0-0: Called Strike
0-1: Ball
1-1: Ground out 6-3 (Groundball, 6S)
Dan Wyatt to second
Batting: RHB Mario Sánchez 0-0: Ball
1-0: Ball
2-0: Ball
3-0: Called Strike
3-1: Called Strike
3-2: Base on Balls
Batting: LHB Enrico Vargas 0-0: Called Strike
0-1: Foul Ball, location: 2F
0-2: Ball
1-2: SINGLE (Line Drive, 56D)
Dan Wyatt to third
Mario Sánchez to second
Runner from 3rd tries for Home, SAFE, no throw
Batting: RHB Jorge Balencia 0-0: SINGLE (Line Drive, 89M)
Mario Sánchez to third
Enrico Vargas to second
Batting: LHB Greg Nelson 0-0: Foul Ball, location: 2F
0-1: Ball
1-1: Ball
2-1: Ball
3-1: Base on Balls
Mario Sánchez scores
Enrico Vargas to third
Jorge Balencia to second
Batting: LHB José Liñares 0-0: Swinging Strike
0-1: Ball
1-1: Ball
2-1: Foul Ball, location: 2F
2-2: Foul Ball, location: 2F
2-2: SINGLE (Groundball, 34D)
Enrico Vargas scores
Jorge Balencia to third
Greg Nelson to second
Runner from 3rd tries for Home, SAFE, throw made home
Batting: RHB Todd Bryant 0-0: Ball
1-0: Foul Ball, location: 2F
1-1: Ball
2-1: Ball
3-1: Foul Ball, location: 2F
3-2: Base on Balls
Greg Nelson to third
José Liñares to second
Batting: LHB Freddy Herrera 0-0: Ball
1-0: Foul Ball, location: 2F
1-1: SINGLE (Line Drive, 34)
Greg Nelson scores
José Liñares to third
Todd Bryant to second
Pitching: RHP Glenn Johnson
Batting: RHB Dan Wyatt 0-0: Foul Ball, location: 2F
0-1: Ball
1-1: Ball
2-1: Ball
3-1: Called Strike
3-2: Base on Balls
José Liñares scores
Todd Bryant to third
Freddy Herrera to second
Batting: RHB Shayne Burry 0-0: Called Strike
0-1: Fly out, F7 (Flyball, 7LS)
Top of the 8th over - 10 run(s), 8 hit(s), 0 error(s), 3 left on base; Calgary 21 - San Jose 5
BOTTOM OF THE 8TH
San Jose Missions batting - Pitching for Calgary Cowboys : RHP Esteban Alfonzo
Now at 3B: Dan Wyatt
Now in CF: Miguel Pérez
Batting: RHB Sadao Kato 0-0: Called Strike
0-1: Ball
1-1: Ball
2-1: Foul Ball, location: 2F
2-2: Ground out 5-3 (Groundball, 56)
Batting: LHB Phil Cantrell 0-0: Swinging Strike
0-1: Ball
1-1: Ball
2-1: Ball
3-1: Foul Ball, location: 2F
3-2: Base on Balls
Batting: RHB Raúl Perales 0-0: Ball
1-0: Ball
2-0: Ball
3-0: Base on Balls
Phil Cantrell to second
Batting: LHB Wilson Vecino 0-0: Ball
1-0: Ball
2-0: Ball
3-0: Base on Balls
Phil Cantrell to third
Raúl Perales to second
Batting: RHB Peter Bishop 0-0: Ball
1-0: Grounds into double play, 5-4-3 (Groundball, 56)
Bottom of the 8th over - 0 run(s), 0 hit(s), 0 error(s), 2 left on base; Calgary 21 - San Jose 5
TOP OF THE 9TH
Calgary Cowboys batting - Pitching for San Jose Missions : RHP Glenn Johnson
Now in LF: Raúl Perales
Batting: RHB Mario Sánchez 0-0: Ball
1-0: Ball
2-0: Called Strike
2-1: Reached on error, E5 (Groundball, 56)
Batting: LHB Enrico Vargas 0-0: Foul Ball, location: 2F
0-1: Ball
1-1: Ball
2-1: Ball
3-1: Foul Ball, location: 2F
3-2: Base on Balls
Batting: RHB Jorge Balencia 0-0: SINGLE (Groundball, 4MD)
Mario Sánchez to third
Enrico Vargas to second
Runner from 3rd tries for Home, throw and OUT!
Enrico Vargas to third
Jorge Balencia to second
Batting: LHB Greg Nelson 0-0: Ball
1-0: Swinging Strike
1-1: Ball
2-1: Foul Ball, location: 2F
2-2: DOUBLE (Line Drive, 8RXD)
Enrico Vargas scores
Jorge Balencia scores
Batting: LHB José Liñares 0-0: Foul Ball, location: 2F
0-1: Swinging Strike
0-2: Fly out, F7 (Flyball, 78S)
Batting: LHB Miguel Pérez 0-0: Ball
1-0: Swinging Strike
1-1: Ball
2-1: Ground out U3 (Groundball, 34)
Top of the 9th over - 2 run(s), 2 hit(s), 1 error(s), 1 left on base; Calgary 23 - San Jose 5
BOTTOM OF THE 9TH
San Jose Missions batting - Pitching for Calgary Cowboys : RHP Esteban Alfonzo
Batting: RHB Ed Starr 0-0: Ball
1-0: Called Strike
1-1: Foul Ball, location: 2F
1-2: Foul Ball, location: 2F
1-2: Ball
2-2: Reached on error, E4 (Popup, 34D)
Batting: RHB Dale Taylor 0-0: Fly out, F8 (Flyball, 78M)
Batting: RHB Bob Orr 0-0: Foul Ball, location: 2F
0-1: Ball
1-1: Ball
2-1: Swinging Strike
2-2: Ball
3-2: Strikes out swinging
Throwing error on steal attempt, E2
Ed Starr to third
Batting: RHB Chang-geun Kim 0-0: 2-RUN HOME RUN (Line Drive, 7D), Distance : 391 ft
Batting: RHB Sadao Kato 0-0: Called Strike
0-1: Ball
1-1: Swinging Strike
1-2: Ball
2-2: Ground out 5-3 (Groundball, 5S)
Bottom of the 9th over - 2 run(s), 1 hit(s), 2 error(s), 0 left on base; Calgary 23 - San Jose 7
Thursday, March 30th, 2017 - OOTP Baseball 17.12 Build 75